[Event "FIDE WCCC Open-08 2024"]
[Site "Montesilvano"]
[Date "2024.11.25"]
[Round "10.21"]
[White "Jia, Zining (Matthew)"]
[Black "Vo, Daniel"]
[Result "1/2-1/2"]
[Annotator "NA RC"]
[ECO "B47"]
[WhiteElo "1550"]
[BlackElo "1711"]
[PlyCount "144"]
[EventDate "2024.11.18"]
[EventType "swiss"]
[EventCountry "ITA"]
[SourceTitle "playchess.com"]
[Source "ChessBase"]
[SourceQuality "1"]
[TimeControl "5400+30"]

1. e4 c5 2. Nf3 e6 3. d4 cxd4 4. Nxd4 Nc6 5. Nc3 a6 6. g3 Qc7 7. Bg2 Nf6 8. O-O Be7 9. Kh1 O-O 10. Be3 d6 11. Nde2 Ne5 12. Bd4 b5 13. f4 Nc6 14. Bg1 Bb7 15. a3 Rfd8 16. Qc1 Rac8 17. Qe3 Nd7 18. f5 Bf6 19. fxe6 fxe6 20. Bh3 Nf8 21. Qf2 Ne5 22. Nd4 Qc4 23. Bg2 Nc6 24. Nde2 Ne5 25. Rad1 Qc7 26. b3 h5 27. Qb6 Qxb6 28. Bxb6 Rd7 29. Bd4 Rdc7 30. h3 Nfd7 31. h4 Nf7 32. Rf3 Bxd4 33. Rxd4 Nde5 34. Re3 Ng4 35. Rf3 Nfe5 36. Rf1 Ne3 37. Rf2 Rc6 38. Rd2 Nxg2 39. Kxg2 Nf7 40. Rf3 Ne5 41. Re3 Kf7 42. Kf1 Ke7 43. Ke1 Rb6 44. Kd1 a5 45. Rd4 b4 46. axb4 Rxb4 47. Kc1 Ng4 48. Rf3 e5 49. Nd5+ Bxd5 50. Rxb4 axb4 51. exd5 Rc5 52. Rf5 Nf6 53. Rg5 Kf7 54. Kb2 Rxd5 55. Rf5 g6 56. Rf3 Ke6 57. Re3 Rc5 58. Nf4+ Kf7 59. Nh3 Ke7 60. Ng5 Rc8 61. Nf3 Ng4 62. Re4 Rb8 63. Rc4 Rb7 64. Ng5 Ne3 65. Rc8 Nf5 66. Rg8 Kf6 67. Rf8+ Kg7 68. Ne6+ Kh6 69. Ng5 Kg7 70. Ne6+ Kh6 71. Ng5 Kg7 72. Ne6+ Kh6 1/2-1/2

[Event "FIDE WCCC Open-08 2024"]
[Site "Montesilvano"]
[Date "2024.11.25"]
[Round "10.22"]
[White "Zhanabayev, Arystan"]
[Black "Su, Milo"]
[Result "1-0"]
[Annotator "NA RC"]
[ECO "C10"]
[WhiteElo "1524"]
[BlackElo "1696"]
[PlyCount "113"]
[EventDate "2024.11.18"]
[EventType "swiss"]
[EventCountry "ITA"]
[SourceTitle "playchess.com"]
[Source "ChessBase"]
[SourceQuality "1"]
[TimeControl "5400+30"]

1. e4 c5 2. Nf3 Nc6 3. d4 cxd4 4. Nxd4 Nf6 5. Nc3 e6 6. Be2 d5 7. exd5 exd5 8. Bg5 Be7 9. O-O O-O 10. Re1 Nxd4 11. Qxd4 Be6 12. Rad1 h6 13. Bh4 Rc8 14. Bf3 b6 15. Qa4 Re8 16. h3 Rc4 17. Qxc4 dxc4 18. Rxd8 Rxd8 19. Rd1 Bf5 20. Rxd8+ Bxd8 21. Be2 Bxc2 22. Bxc4 a5 23. Nb5 g5 24. Bg3 Ne4 25. Be5 Nd2 26. Bd5 Bd3 27. Nd6 Bg6 28. Bc3 Nb1 29. Bd4 Kf8 30. Nc8 b5 31. Bc5+ Kg7 32. Nd6 b4 33. Bd4+ Kf8 34. Nb7 Bc7 35. Bc5+ Kg7 36. Bd4+ Kf8 37. Nc5 Nd2 38. Be3 Nb1 39. Kf1 Ke7 40. Be4 Bxe4 41. Nxe4 Be5 42. Bc1 a4 43. Ke2 a3 44. b3 Nc3+ 45. Nxc3 Bxc3 46. Kd3 Be5 47. Kc4 f5 48. Kxb4 f4 49. Bxa3 h5 50. Kc4+ Ke6 51. b4 g4 52. hxg4 h4 53. f3 Kf6 54. b5 Bc7 55. Kd5 Kg5 56. Be7+ Kg6 57. Bxh4 1-0

[Event "FIDE WCCC Open-08 2024"]
[Site "Montesilvano"]
[Date "2024.11.25"]
[Round "10.23"]
[White "Mankovich, Yoav"]
[Black "Szumiec, Jan"]
[Result "1-0"]
[Annotator "NA RC"]
[ECO "B62"]
[WhiteElo "1490"]
[BlackElo "1678"]
[PlyCount "63"]
[EventDate "2024.11.18"]
[EventType "swiss"]
[EventCountry "ITA"]
[SourceTitle "playchess.com"]
[Source "ChessBase"]
[SourceQuality "1"]
[TimeControl "5400+30"]

1. e4 c5 2. Nf3 d6 3. d4 cxd4 4. Nxd4 Nf6 5. Nc3 Nc6 6. Bg5 e6 7. Bb5 Bd7 8. Qd3 a6 9. Bxc6 bxc6 10. O-O-O Be7 11. Nb3 d5 12. e5 Ng4 13. Bxe7 Qxe7 14. Qd4 Nh6 15. f4 Nf5 16. Qf2 Qb4 17. a3 Qb7 18. g4 Ne7 19. h4 O-O 20. h5 Kh8 21. h6 g6 22. Qh4 Ng8 23. Qg3 Qa7 24. Na4 Rac8 25. Nac5 Rb8 26. Qc3 Ra8 27. Rd4 Bc8 28. Rb4 Rb8 29. Na5 Rb5 30. Nab3 Rxb4 31. Qxb4 Bd7 32. Nxd7 1-0

[Event "FIDE WCCC Open-08 2024"]
[Site "Montesilvano"]
[Date "2024.11.25"]
[Round "10.24"]
[White "Czachurski, Ignacy"]
[Black "Sivan, Leeor"]
[Result "0-1"]
[Annotator "NA RC"]
[ECO "C54"]
[WhiteElo "1672"]
[BlackElo "1464"]
[PlyCount "46"]
[EventDate "2024.11.18"]
[EventType "swiss"]
[EventCountry "ITA"]
[SourceTitle "playchess.com"]
[Source "ChessBase"]
[SourceQuality "1"]
[TimeControl "5400+30"]

1. e4 e5 2. Nf3 Nc6 3. Bc4 Bc5 4. c3 Nf6 5. d3 d6 6. Nbd2 O-O 7. Bb3 Bg4 8. h3 Bh5 9. g4 Bg6 10. Nf1 d5 11. d4 exd4 12. exd5 Re8+ 13. Kd2 Ne4+ 14. Ke1 Nxc3+ 15. Kd2 Nxd1 16. Kxd1 Qf6 17. N1d2 Ne5 18. g5 Qf4 19. Nxe5 Qxe5 20. Bc4 d3 21. Ne4 Qxe4 22. Kd2 Bb4+ 23. Kd1 Qe2# 0-1

[Event "FIDE WCCC Open-08 2024"]
[Site "Montesilvano"]
[Date "2024.11.25"]
[Round "10.25"]
[White "Melkonyan, Mark"]
[Black "Ranganathan, Aadith"]
[Result "0-1"]
[Annotator "NA RC"]
[ECO "E51"]
[WhiteElo "1445"]
[BlackElo "1645"]
[PlyCount "88"]
[EventDate "2024.11.18"]
[EventType "swiss"]
[EventCountry "ITA"]
[SourceTitle "playchess.com"]
[Source "ChessBase"]
[SourceQuality "1"]
[TimeControl "5400+30"]

1. d4 Nf6 2. c4 e6 3. Nc3 Bb4 4. Bd2 O-O 5. Nf3 d5 6. e3 Nbd7 7. cxd5 exd5 8. Bd3 c6 9. O-O Bd6 10. Re1 Re8 11. Qc2 h6 12. e4 dxe4 13. Nxe4 Nxe4 14. Bxe4 Nf6 15. Ne5 Nxe4 16. Rxe4 Bf5 17. Qb3 Bxe4 18. Nxf7 Bxh2+ 19. Kxh2 Qh4+ 20. Kg1 Bd5 21. Nxh6+ Qxh6 22. Bxh6 Bxb3 23. Bxg7 Kxg7 24. axb3 Red8 25. Rd1 Rd5 26. Kh2 c5 27. Rc1 cxd4 28. Rc7+ Kf6 29. Kg3 d3 30. Rc1 d2 31. Rd1 Re8 32. Kf4 Re1 33. Rxd2 Rxd2 34. Kf3 Rxb2 35. g4 Rxb3+ 36. Kf4 Rc1 37. g5+ Ke6 38. Kg4 Rg1+ 39. Kh5 a5 40. Kh6 a4 41. f4 a3 42. Kh7 Kf7 43. g6+ Rxg6 44. f5 Rh3# 0-1

[Event "FIDE WCCC Open-08 2024"]
[Site "Montesilvano"]
[Date "2024.11.25"]
[Round "10.26"]
[White "Cherem, Yoseph"]
[Black "Lee, David J"]
[Result "1-0"]
[Annotator "NA RC"]
[ECO "D40"]
[WhiteElo "1634"]
[BlackElo "1446"]
[PlyCount "87"]
[EventDate "2024.11.18"]
[EventType "swiss"]
[EventCountry "ITA"]
[SourceTitle "playchess.com"]
[Source "ChessBase"]
[SourceQuality "1"]
[TimeControl "5400+30"]

1. d4 d5 2. c4 e6 3. Nc3 c5 4. e3 Nf6 5. Nf3 Nc6 6. Be2 dxc4 7. Bxc4 Be7 8. O-O O-O 9. b3 b6 10. Bb2 Bb7 11. Rc1 Rc8 12. Re1 Qd7 13. Re2 Rfd8 14. Rd2 Qc7 15. Nb5 Qb8 16. Qe2 a6 17. Nc3 b5 18. Bd3 cxd4 19. exd4 Bd6 20. Rcd1 Ne7 21. Ne4 Ned5 22. Nxf6+ Nxf6 23. Bb1 Bb4 24. Rc2 Rxc2 25. Bxc2 Ng4 26. Bxh7+ Kxh7 27. Ng5+ Kg8 28. Qxg4 g6 29. Nxe6 Bc8 30. d5 fxe6 31. Qxb4 Rxd5 32. Rxd5 exd5 33. Qd4 Kf7 34. Qxd5+ Be6 35. Qf3+ Kg8 36. Qf6 Qc7 37. Qh8+ Kf7 38. Qh7+ Ke8 39. Qxc7 a5 40. Bf6 Bd7 41. Qe5+ Be6 42. Qxe6+ Kf8 43. Qe7+ Kg8 44. Qg7# 1-0

[Event "FIDE WCCC Open-08 2024"]
[Site "Montesilvano"]
[Date "2024.11.25"]
[Round "10.27"]
[White "Tokmachov, Daniel"]
[Black "Kuncoro, Leo"]
[Result "0-1"]
[Annotator "NA RC"]
[ECO "B22"]
[WhiteElo "1565"]
[BlackElo "1726"]
[PlyCount "96"]
[EventDate "2024.11.18"]
[EventType "swiss"]
[EventCountry "ITA"]
[SourceTitle "playchess.com"]
[Source "ChessBase"]
[SourceQuality "1"]
[TimeControl "5400+30"]

1. e4 c5 2. c3 d5 3. exd5 Qxd5 4. d4 Nc6 5. Nf3 Nf6 6. Be3 Bg4 7. Be2 cxd4 8. Bxd4 Nxd4 9. Qxd4 Bxf3 10. Bxf3 Qxd4 11. cxd4 O-O-O 12. Nc3 Rxd4 13. O-O e6 14. Rac1 Kb8 15. Rfd1 Rxd1+ 16. Rxd1 Be7 17. Ne4 Nd5 18. Rc1 Rc8 19. Nc3 Bf6 20. Rd1 Nxc3 21. bxc3 Rxc3 22. h3 Kc7 23. Rb1 b6 24. Rb4 Be5 25. Rb1 Rc2 26. g3 Rxa2 27. Rc1+ Kd7 28. Bc6+ Ke7 29. Kg2 Bd4 30. Rf1 Kd6 31. Be4 f5 32. Bf3 b5 33. g4 a5 34. gxf5 exf5 35. Bd1 a4 36. Bxa4 bxa4 37. h4 Rxf2+ 38. Rxf2 Bxf2 39. Kxf2 a3 40. Kf3 a2 41. h5 a1=Q 42. h6 g5 43. Kg3 Qc3+ 44. Kh2 Ke5 45. Kh1 Kf4 46. Kg1 Kg3 47. Kf1 Qd2 48. Kg1 Qg2# 0-1

[Event "FIDE WCCC Open-08 2024"]
[Site "Montesilvano"]
[Date "2024.11.25"]
[Round "10.28"]
[White "Mohamed Fouad, Yahia"]
[Black "Lee, Yoonjae A"]
[Result "1-0"]
[Annotator "NA RC"]
[ECO "D34"]
[WhiteElo "1705"]
[BlackElo "1546"]
[PlyCount "109"]
[EventDate "2024.11.18"]
[EventType "swiss"]
[EventCountry "ITA"]
[SourceTitle "playchess.com"]
[Source "ChessBase"]
[SourceQuality "1"]
[TimeControl "5400+30"]

1. d4 d5 2. Nf3 Nf6 3. c4 e6 4. Nc3 Be7 5. cxd5 exd5 6. g3 O-O 7. Bg2 c5 8. O-O Nc6 9. Bg5 Be6 10. Bxf6 Bxf6 11. dxc5 Bxc3 12. bxc3 Qa5 13. Qd3 Qxc5 14. Rab1 Qe7 15. Qb5 Rab8 16. Nd4 Nxd4 17. cxd4 Rfd8 18. Rfc1 Qd7 19. Qxd7 Rxd7 20. Rc3 Bf5 21. Rbc1 Rd6 22. Rc5 Be6 23. e3 Rc6 24. h3 Rd6 25. Kh2 Ra6 26. Bxd5 Kf8 27. Bb3 Bxb3 28. axb3 Ra2 29. Kg2 Rb2 30. Rc8+ Rxc8 31. Rxc8+ Ke7 32. Rc7+ Kf6 33. Rxb7 a5 34. Ra7 Rxb3 35. Rxa5 Rd3 36. Kf3 Ke6 37. Ke4 Rd2 38. f4 g6 39. h4 h6 40. Ra6+ Ke7 41. Ke5 Re2 42. Ra7+ Ke8 43. Kd6 f5 44. Rg7 Rxe3 45. Rxg6 h5 46. Re6+ Rxe6+ 47. Kxe6 Kf8 48. d5 Ke8 49. d6 Kf8 50. d7 Kg7 51. d8=Q Kg6 52. Qe8+ Kh6 53. Kf6 Kh7 54. Qf7+ Kh6 55. Qg7# 1-0

[Event "FIDE WCCC Open-08 2024"]
[Site "Montesilvano"]
[Date "2024.11.25"]
[Round "10.29"]
[White "Mudriievskyi, Jan"]
[Black "Kalinin, Bogdan"]
[Result "1/2-1/2"]
[Annotator "NA RC"]
[ECO "B33"]
[WhiteElo "1682"]
[BlackElo "1548"]
[PlyCount "108"]
[EventDate "2024.11.18"]
[EventType "swiss"]
[EventCountry "ITA"]
[SourceTitle "playchess.com"]
[Source "ChessBase"]
[SourceQuality "1"]
[TimeControl "5400+30"]

1. e4 c5 2. Nf3 Nc6 3. d4 cxd4 4. Nxd4 Nf6 5. Nc3 e5 6. Ndb5 d6 7. Bg5 a6 8. Na3 b5 9. Nd5 Be7 10. Bxf6 Bxf6 11. Bd3 O-O 12. O-O Bg5 13. c4 b4 14. Nc2 a5 15. Qe2 g6 16. Rad1 f5 17. f4 Bh6 18. exf5 Bxf5 19. Be4 exf4 20. Nxf4 Bxf4 21. Rxf4 Re8 22. Bd5+ Kg7 23. Qf2 Rc8 24. Nd4 Nxd4 25. Qxd4+ Qf6 26. Qxf6+ Kxf6 27. g4 Kg5 28. Rdd4 Be6 29. Bxe6 Rxe6 30. Rf2 Rc5 31. Rfd2 Rc6 32. Kg2 Re5 33. h3 Rec5 34. b3 Re5 35. Kf3 a4 36. Rxd6 Rxd6 37. Rxd6 axb3 38. axb3 Re1 39. Rb6 Rc1 40. Rxb4 Rc3+ 41. Kg2 Rc2+ 42. Kf1 Kh4 43. Rb7 Kxh3 44. Rxh7+ Kxg4 45. Rg7 g5 46. Rf7 Kg3 47. Rd7 g4 48. Rd3+ Kh2 49. Rd8 Rc1+ 50. Ke2 Rc3 51. Rd4 g3 52. Rh4+ Kg1 53. b4 g2 54. b5 Rc2+ 1/2-1/2

[Event "FIDE WCCC Open-08 2024"]
[Site "Montesilvano"]
[Date "2024.11.25"]
[Round "10.30"]
[White "Saathvik Chakravarthy Ramayana"]
[Black "Le Doan, Minh Thuc"]
[Result "1-0"]
[Annotator "NA RC"]
[ECO "B22"]
[WhiteElo "1466"]
[BlackElo "1677"]
[PlyCount "51"]
[EventDate "2024.11.18"]
[EventType "swiss"]
[EventCountry "ITA"]
[SourceTitle "playchess.com"]
[Source "ChessBase"]
[SourceQuality "1"]
[TimeControl "5400+30"]

1. e4 c5 2. c3 d5 3. exd5 Nf6 4. d4 Qxd5 5. Nf3 Nc6 6. Be2 e6 7. Be3 cxd4 8. cxd4 Bb4+ 9. Nc3 O-O 10. O-O Bxc3 11. bxc3 b6 12. Qc2 Bb7 13. c4 Qd6 14. Rfd1 Ng4 15. Qd2 Nxe3 16. Qxe3 Ne7 17. Bd3 Ng6 18. Ng5 Qd8 19. h4 h6 20. Nxe6 Qxh4 21. Nxf8 Nxf8 22. d5 Rd8 23. Qe4 Qg5 24. Re1 Ng6 25. Re3 Nf4 26. Qh7+ 1-0

[Event "FIDE WCCC Open-08 2024"]
[Site "Montesilvano"]
[Date "2024.11.25"]
[Round "10.31"]
[White "Ok, Miro"]
[Black "Borkowski, Jan"]
[Result "1/2-1/2"]
[Annotator "NA RC"]
[ECO "B84"]
[WhiteElo "1656"]
[BlackElo "1481"]
[PlyCount "77"]
[EventDate "2024.11.18"]
[EventType "swiss"]
[EventCountry "ITA"]
[SourceTitle "playchess.com"]
[Source "ChessBase"]
[SourceQuality "1"]
[TimeControl "5400+30"]

1. e4 c5 2. Nf3 e6 3. d4 cxd4 4. Nxd4 Nc6 5. Nc3 Qc7 6. Be3 a6 7. a3 Nf6 8. Be2 Be7 9. O-O O-O 10. f4 d6 11. Qe1 b5 12. Bf3 Bb7 13. Nxc6 Bxc6 14. Qg3 Rad8 15. f5 Qb7 16. Bh6 Ne8 17. Bh5 Bf6 18. Bg5 h6 19. Bxh6 Kh7 20. Bg5 exf5 21. exf5 Bxg2 22. Bg6+ fxg6 23. Qh4+ Kg8 24. fxg6 Bd4+ 25. Qxd4 Rxf1+ 26. Rxf1 Bxf1 27. Nd5 Rd7 28. Qh4 Qxd5 29. Qh7+ Kf8 30. Qh8+ Qg8 31. Qh4 Nc7 32. Qh7 Ne6 33. Be3 Be2 34. Bb6 Bd1 35. Qh3 Ke8 36. Qg2 Nd8 37. Bxd8 Rxd8 38. Qe4+ Kd7 39. Qb7+ 1/2-1/2

[Event "FIDE WCCC Open-08 2024"]
[Site "Montesilvano"]
[Date "2024.11.25"]
[Round "10.33"]
[White "Shroff, Dhairya Amit"]
[Black "Cardas, Serghei"]
[Result "1/2-1/2"]
[Annotator "NA RC"]
[ECO "B20"]
[WhiteElo "1444"]
[BlackElo "1627"]
[PlyCount "64"]
[EventDate "2024.11.18"]
[EventType "swiss"]
[EventCountry "ITA"]
[SourceTitle "playchess.com"]
[Source "ChessBase"]
[SourceQuality "1"]
[TimeControl "5400+30"]

1. e4 e6 2. b3 d5 3. Bb2 c5 4. exd5 exd5 5. Bb5+ Nc6 6. Qe2+ Qe7 7. Qxe7+ Ngxe7 8. Nf3 Bd7 9. O-O O-O-O 10. Ng5 Be8 11. Ba3 h6 12. Nf3 Ng6 13. Rc1 Bd6 14. c4 d4 15. g3 a6 16. Ba4 Nce5 17. Ne1 Bxa4 18. bxa4 Rhe8 19. f4 Nd7 20. Kf1 Kb8 21. Ng2 Nb6 22. a5 Nd7 23. Ne1 Nf6 24. d3 Ng4 25. h3 Ne3+ 26. Kf2 h5 27. h4 Ng4+ 28. Kf1 Re3 29. Nd2 f5 30. Ndf3 Re7 31. Rab1 Ka8 32. Rb6 Red7 1/2-1/2

[Event "FIDE WCCC Open-08 2024"]
[Site "Montesilvano"]
[Date "2024.11.25"]
[Round "10.34"]
[White "Ameen Akbar T A"]
[Black "Movsisyan, Samvel"]
[Result "0-1"]
[Annotator "NA RC"]
[ECO "B33"]
[WhiteElo "1579"]
[BlackElo "1604"]
[PlyCount "96"]
[EventDate "2024.11.18"]
[EventType "swiss"]
[EventCountry "ITA"]
[SourceTitle "playchess.com"]
[Source "ChessBase"]
[SourceQuality "1"]
[TimeControl "5400+30"]

1. e4 c5 2. Nf3 Nc6 3. d4 cxd4 4. Nxd4 Nf6 5. Nc3 e5 6. Ndb5 Bb4 7. a3 Bxc3+ 8. Nxc3 O-O 9. Bc4 d6 10. O-O Be6 11. Qd3 Nd4 12. Bxe6 Nxe6 13. Rd1 Nc5 14. Qf3 h6 15. Be3 Qe7 16. Nd5 Nxd5 17. Rxd5 Rac8 18. Rad1 Na4 19. Bc1 Rxc2 20. Qb3 Qc7 21. Bxh6 Nxb2 22. Bxg7 Qc3 23. Qxc3 Rxc3 24. Bxf8 Nxd1 25. Bxd6 Rc1 26. f3 Ne3+ 27. Kf2 Nxd5 28. exd5 Rd1 29. Bxe5 Rxd5 30. f4 Rd2+ 31. Kf1 Rd3 32. Bb2 Rb3 33. Be5 Rxa3 34. h4 b5 35. h5 b4 36. g4 b3 37. g5 Ra2 38. g6 fxg6 39. hxg6 b2 40. Bxb2 Rxb2 41. f5 a5 42. f6 a4 43. f7+ Kg7 44. f8=Q+ Kxf8 45. g7+ Kxg7 46. Ke1 a3 47. Kd1 a2 48. Kc1 a1=Q# 0-1

[Event "FIDE WCCC Open-08 2024"]
[Site "Montesilvano"]
[Date "2024.11.25"]
[Round "10.36"]
[White "Nguyen Thanh San"]
[Black "Dzelnik, Robert"]
[Result "0-1"]
[Annotator "NA RC"]
[ECO "D02"]
[WhiteElo "1493"]
[BlackElo "1822"]
[PlyCount "70"]
[EventDate "2024.11.18"]
[EventType "swiss"]
[EventCountry "ITA"]
[SourceTitle "playchess.com"]
[Source "ChessBase"]
[SourceQuality "1"]
[TimeControl "5400+30"]

1. d4 d5 2. Bf4 Nf6 3. e3 c5 4. Nf3 Nc6 5. c3 Qb6 6. Qc2 Bg4 7. dxc5 Qxc5 8. Be2 Bxf3 9. Bxf3 e5 10. Bg3 Be7 11. Nd2 O-O 12. O-O Rad8 13. Rac1 e4 14. Be2 b5 15. Nb3 Qb6 16. Nd4 a6 17. Rfd1 Bd6 18. Rd2 Bxg3 19. hxg3 Ne5 20. Rcd1 Rc8 21. Nf5 Qe6 22. g4 h6 23. f4 exf3 24. gxf3 Nc4 25. Bxc4 Rxc4 26. Qd3 Rd8 27. b3 Rc7 28. c4 bxc4 29. bxc4 Rxc4 30. Qa3 g6 31. Nd4 Qe5 32. Ne2 Nxg4 33. Nf4 Nxe3 34. Kf2 Nxd1+ 35. Rxd1 Qxf4 0-1

[Event "FIDE WCCC Open-08 2024"]
[Site "Montesilvano"]
[Date "2024.11.25"]
[Round "10.37"]
[White "Reclik, Jakub"]
[Black "Lan, Kai Zhou"]
[Result "0-1"]
[Annotator "NA RC"]
[ECO "B22"]
[WhiteElo "1458"]
[BlackElo "1784"]
[PlyCount "182"]
[EventDate "2024.11.18"]
[EventType "swiss"]
[EventCountry "ITA"]
[SourceTitle "playchess.com"]
[Source "ChessBase"]
[SourceQuality "1"]
[TimeControl "5400+30"]

1. e4 c5 2. Nf3 e6 3. c3 d5 4. exd5 Qxd5 5. d4 Nc6 6. Be2 Nf6 7. O-O Be7 8. h3 O-O 9. Be3 cxd4 10. Nxd4 Rd8 11. Nxc6 Qxc6 12. Qb3 e5 13. Bf3 e4 14. Be2 Be6 15. Qb5 Qc7 16. Nd2 a6 17. Qa4 b5 18. Qc2 Qb7 19. Rac1 Rac8 20. Rfd1 Bd5 21. Nb3 Nd7 22. Na5 Qa8 23. Nb3 Ne5 24. Nd4 b4 25. Qd2 Nc4 26. Bxc4 Rxc4 27. b3 bxc3 28. Rxc3 Rxc3 29. Qxc3 Rc8 30. Qd2 Rd8 31. Nf5 Bf6 32. Qa5 Bb7 33. Rxd8+ Qxd8 34. Qxd8+ Bxd8 35. Kh2 Bc7+ 36. Kg1 g6 37. Nd4 Kf8 38. Kf1 Ke7 39. Ke2 f5 40. Bg5+ Kd7 41. Kd2 Be5 42. Nc2 Bg7 43. Na3 h6 44. Be3 g5 45. Nc4 f4 46. Bb6 e3+ 47. fxe3 Bxg2 48. exf4 gxf4 49. Ke2 f3+ 50. Kf2 Bf6 51. Kg3 Ke6 52. Nd2 Be5+ 53. Kf2 Bxh3 54. Nxf3 Bf4 55. Be3 Bxe3+ 56. Kxe3 Kf5 57. Nh2 h5 58. a3 Bg2 59. Kf2 Bd5 60. b4 Bc6 61. Nf3 Kf4 62. Nh4 Kg4 63. Ng6 Be4 64. Ne5+ Kf4 65. Nc4 h4 66. Ne3 Bc6 67. Nf1 Kg4 68. Nh2+ Kf4 69. Nf1 Ba4 70. Nd2 Bb5 71. Nf3 h3 72. Nh2 Ke4 73. Nf1 Kd3 74. Kg3 Bd7 75. Kf4 Kc3 76. Ke5 Kb3 77. Kd6 Bb5 78. Nh2 Kxa3 79. Kc5 Be2 80. Kd4 Kxb4 81. Ke3 Bh5 82. Kd2 Kb3 83. Kc1 Bg6 84. Kd2 a5 85. Ke3 a4 86. Nf1 a3 87. Kf2 a2 88. Nd2+ Kc2 89. Nb3 Kxb3 90. Kg3 a1=Q 91. Kxh3 Qg1 0-1

[Event "FIDE WCCC Open-08 2024"]
[Site "Montesilvano"]
[Date "2024.11.25"]
[Round "10.38"]
[White "Solovev, Nikolai"]
[Black "Arsenijevic, Matija"]
[Result "0-1"]
[Annotator "NA RC"]
[ECO "B19"]
[WhiteElo "1446"]
[BlackElo "1700"]
[PlyCount "62"]
[EventDate "2024.11.18"]
[EventType "swiss"]
[EventCountry "ITA"]
[SourceTitle "playchess.com"]
[Source "ChessBase"]
[SourceQuality "1"]
[TimeControl "5400+30"]

1. e4 c6 2. d4 d5 3. Nd2 dxe4 4. Nxe4 Bf5 5. Ng3 Bg6 6. h4 h6 7. h5 Bh7 8. Nf3 Nd7 9. Bd3 Bxd3 10. Qxd3 e6 11. Bd2 Ngf6 12. O-O-O Qc7 13. Ne4 O-O-O 14. Kb1 Nxe4 15. Qxe4 Nf6 16. Qe2 Bd6 17. c4 Rhe8 18. Bc3 Rd7 19. Bd2 Rde7 20. g3 Qd8 21. Nh4 Qd7 22. Qf3 Bc7 23. Bxh6 Nxh5 24. Qxh5 gxh6 25. Qxh6 Qd6 26. d5 Qb4 27. dxc6 Be5 28. cxb7+ Rxb7 29. b3 Qa3 30. Qc1 Rxb3+ 31. Kc2 Qxa2+ 0-1

[Event "FIDE WCCC Open-08 2024"]
[Site "Montesilvano"]
[Date "2024.11.25"]
[Round "10.39"]
[White "Glod, Peter"]
[Black "Petrenko, Tymofii"]
[Result "1/2-1/2"]
[Annotator "NA RC"]
[ECO "C14"]
[WhiteElo "1409"]
[BlackElo "1678"]
[PlyCount "42"]
[EventDate "2024.11.18"]
[EventType "swiss"]
[EventCountry "ITA"]
[SourceTitle "playchess.com"]
[Source "ChessBase"]
[SourceQuality "1"]
[TimeControl "5400+30"]

1. e4 e6 2. d4 d5 3. Nc3 Nf6 4. Bg5 Be7 5. e5 Nfd7 6. Bxe7 Qxe7 7. Nf3 O-O 8. Bd3 a6 9. O-O c5 10. dxc5 Nxc5 11. Re1 Nxd3 12. Qxd3 Nc6 13. a3 b5 14. b4 Bb7 15. Rad1 Rac8 16. Qe3 Ba8 17. Ne2 Qc7 18. Ned4 Nxd4 19. Nxd4 Rfd8 20. f4 Qb6 21. Rf1 g6 1/2-1/2

[Event "FIDE WCCC Open-08 2024"]
[Site "Montesilvano"]
[Date "2024.11.25"]
[Round "10.40"]
[White "Khantulga, Tuvshinbayar"]
[Black "Lau, Great Boyou"]
[Result "0-1"]
[Annotator "NA RC"]
[ECO "B33"]
[WhiteElo "1611"]
[BlackElo "1514"]
[PlyCount "79"]
[EventDate "2024.11.18"]
[EventType "swiss"]
[EventCountry "ITA"]
[SourceTitle "playchess.com"]
[Source "ChessBase"]
[SourceQuality "1"]
[TimeControl "5400+30"]

1. e4 c5 2. Nf3 Nc6 3. d4 cxd4 4. Nxd4 Nf6 5. Nc3 e5 6. Ndb5 d6 7. Bg5 a6 8. Na3 b5 9. Nd5 Be7 10. Bxf6 Bxf6 11. c4 b4 12. Nc2 a5 13. g3 O-O 14. Bg2 Bd7 15. Nxf6+ Qxf6 16. c5 Nd4 17. cxd6 Bg4 18. Qd2 Bf3 19. Nxd4 Bxg2 20. Rg1 Bxe4 21. Nb5 Bc6 22. Nc7 Rad8 23. Rd1 Bf3 24. Rc1 Rxd6 25. Qc2 Rfd8 26. Nb5 Rd1+ 27. Rxd1 Rxd1+ 28. Qxd1 Bxd1 29. Kxd1 Qb6 30. Kc1 Qxb5 31. Rd1 f5 32. f3 Qc6+ 33. Kb1 Qxf3 34. Rc1 e4 35. g4 Qd3+ 36. Ka1 e3 37. g5 e2 38. g6 Qd1 39. gxh7+ Kh8 40. Rb1 0-1

[Event "FIDE WCCC Open-08 2024"]
[Site "Montesilvano"]
[Date "2024.11.25"]
[Round "10.41"]
[White "Thomas, Robert K"]
[Black "Tuguldur, Baatarchuluun"]
[Result "0-1"]
[Annotator "RC"]
[ECO "C10"]
[WhiteElo "2166"]
[BlackElo "1590"]
[PlyCount "118"]
[EventDate "2024.11.18"]
[EventType "swiss"]
[EventCountry "ITA"]
[SourceTitle "playchess.com"]
[Source "ChessBase"]
[SourceQuality "1"]
[TimeControl "5400+30"]

1. e4 e6 2. d4 d5 3. Nc3 dxe4 4. Nxe4 Nd7 5. Nf3 Ngf6 6. Nxf6+ Nxf6 7. Bd3 c5 8. Be3 Nd5 9. O-O Be7 10. dxc5 Nxe3 11. Bb5+ Bd7 12. Qxd7+ Qxd7 13. Bxd7+ Kxd7 14. fxe3 Bxc5 15. Ne5+ Ke8 16. Kh1 f6 17. Nd3 Rc8 18. e4 Bd6 19. c3 Ke7 20. Rae1 Rhf8 21. g3 Rcd8 22. Rd1 g5 23. b4 Rc8 24. Rc1 Rc4 25. Nf2 Rfc8 26. Ng4 Be5 27. Nxe5 fxe5 28. Rf3 Rxe4 29. Rcf1 Kd6 30. Rf7 Rxc3 31. Rxb7 Rc7 32. Rxc7 Kxc7 33. a3 a5 34. bxa5 Ra4 35. Rf7+ Kd6 36. Ra7 Rxa3 37. a6 e4 38. Ra8 Ra2 39. a7 Ke5 40. Kg1 e3 41. Kf1 Ke4 42. h3 h5 43. g4 hxg4 44. hxg4 Rf2+ 45. Ke1 Rf7 46. Ke2 e5 47. Ke1 Kf3 48. Rb8 Rxa7 49. Rf8+ Kxg4 50. Ke2 Ra3 51. Re8 Kf4 52. Rf8+ Ke4 53. Rg8 Ra2+ 54. Ke1 Kf4 55. Rf8+ Kg3 56. Rg8 g4 57. Re8 e4 58. Rxe4 Kf3 59. Re8 Ra1# 0-1

[Event "FIDE WCCC Open-08 2024"]
[Site "Montesilvano"]
[Date "2024.11.25"]
[Round "10.42"]
[White "Kim, Rian B"]
[Black "Bakirli, Matin"]
[Result "1/2-1/2"]
[Annotator "NA RC"]
[ECO "B48"]
[WhiteElo "1452"]
[BlackElo "1578"]
[PlyCount "73"]
[EventDate "2024.11.18"]
[EventType "swiss"]
[EventCountry "ITA"]
[SourceTitle "playchess.com"]
[Source "ChessBase"]
[SourceQuality "1"]
[TimeControl "5400+30"]

1. e4 c5 2. Nf3 e6 3. d4 cxd4 4. Nxd4 a6 5. Be3 Qc7 6. Nc3 Nf6 7. Qd2 Nc6 8. f3 Be7 9. Nb3 O-O 10. O-O-O b5 11. h4 Bb4 12. g4 Ne5 13. Bf4 d6 14. Bxe5 dxe5 15. h5 Bxc3 16. bxc3 Bb7 17. h6 g6 18. Qg5 Qe7 19. Na5 Rab8 20. Kb1 Rfd8 21. Be2 Ba8 22. Qxe5 Ne8 23. Rxd8 Rxd8 24. g5 Rc8 25. Kb2 b4 26. c4 Rc5 27. Qb8 Rxa5 28. Qxa8 b3 29. cxb3 Qa3+ 30. Kc3 Kf8 31. Rd1 Rxg5 32. Rd8 Qe7 33. Kb2 Rg2 34. Rd2 Qg5 35. Rc2 Qf6+ 36. Ka3 Qe7+ 37. c5 1/2-1/2

[Event "FIDE WCCC Open-08 2024"]
[Site "Montesilvano"]
[Date "2024.11.25"]
[Round "10.43"]
[White "Xin, Andrew M."]
[Black "Kiss, Lorinc Istvan"]
[Result "0-1"]
[Annotator "NA RC"]
[ECO "D04"]
[WhiteElo "1546"]
[BlackElo "1501"]
[PlyCount "54"]
[EventDate "2024.11.18"]
[EventType "swiss"]
[EventCountry "ITA"]
[SourceTitle "playchess.com"]
[Source "ChessBase"]
[SourceQuality "1"]
[TimeControl "5400+30"]

1. d4 d5 2. Nf3 Nf6 3. e3 c5 4. b3 cxd4 5. exd4 Nc6 6. Bd3 Bg4 7. Bb2 e6 8. Nbd2 Bd6 9. a3 O-O 10. O-O Qc7 11. c4 Bxh2+ 12. Kh1 Bf4 13. Qc2 Rac8 14. g3 Bh6 15. Ne5 Nxe5 16. dxe5 dxc4 17. bxc4 Bxd2 18. exf6 Bh6 19. Bxh7+ Kh8 20. fxg7+ Bxg7 21. Bxg7+ Kxg7 22. Bd3 Rh8+ 23. Kg1 Bf3 24. Qc3+ f6 25. Bh7 Qc6 26. Qxf3 Qxf3 27. Be4 Rh1# 0-1